 Dungeon Crawl Stone Soup version 0.25-a0-424-g80bd347ae0 (webtiles) character file.

Game seed: 15491338341004504786, levelgen mode: deterministic

5298 LSt the Martial Artist (level 10, -4/68 HPs)
             Began as an Octopode Transmuter on Jan 23, 2020.
             Was a Follower of Wu Jian.
             Slain by a two-headed ogre
             ... wielding a cursed -2 giant club
              (27 damage)
             ... on level 9 of the Dungeon.
             The game lasted 01:30:45 (13897 turns).

LSt the Martial Artist (Octopode Transmuter)       Turns: 13897, Time: 01:30:46

Health: -4/68      AC:  1    Str: 13    XL:     10   Next: 63%
Magic:  23/23      EV: 16    Int: 15    God:    Wu Jian [*.....]
Gold:   57         SH:  0    Dex: 18    Spells: 2/15 levels left

rFire    . . .     SeeInvis .     - Unarmed
rCold    . . .     Gourm    .   (no shield)
rNeg     . . .     Faith    .   (helmet restricted)
rPois    +         Spirit   .   (no amulet)
rElec    .         Reflect  .   n - +5 ring of dexterity
rCorr    .         Harm     .   G - ring of magical power
MR       +....                  U - ring of protection from magic
Stlth    +++.......             V - ring of poison resistance
HPRegen  0.21/turn              (no ring)
MPRegen  0.18/turn              (no ring)
                                (no ring)
                                (no ring)

@: no status effects
A: almost no armour, stealthy swim, amphibious, 8 rings, constrict 8, camouflage
1, gelatinous body 1
a: Renounce Religion


You were on level 9 of the Dungeon.
You worshipped Wu Jian.
Wu Jian was aware of your devotion.
You were not hungry.

You visited 2 branches of the dungeon, and saw 10 of its levels.

You collected 642 gold pieces.
You spent 585 gold pieces at shops.

Inventory:

Hand Weapons
 d - a +0 spear
 f - a +0 short sword
 h - a +0 dagger
 i - a +0 hand axe
 p - a +0 war axe
 u - a +0 trident
 C - a +2 whip of flaming
 F - a +0 short sword of flaming
 H - a +1 hunting sling
 P - a +0 shortbow
 Q - a +1 trident of flaming
Missiles
 a - 169 arrows
 b - 325 stones
 s - 2 poisoned darts (quivered)
 v - 7 boomerangs
 w - 35 sling bullets
 B - 7 javelins
 E - 45 bolts
Jewellery
 n - a +5 ring of dexterity (left tentacle)
 G - a ring of magical power (right tentacle)
 U - a ring of protection from magic (on tentacle)
 V - a ring of poison resistance (on tentacle)
Wands
 q - a wand of random effects (28)
 M - a wand of disintegration (3)
 O - a wand of digging (4)
 S - a wand of polymorph (8)
Scrolls
 g - 5 scrolls of remove curse
 j - a scroll of immolation {unknown}
 r - a scroll of identify
 x - a scroll of teleportation
 y - a scroll of fear
 A - 2 scrolls of enchant weapon
 D - 3 scrolls of amnesia
 I - a scroll of noise {unknown}
 L - 2 scrolls of fog
 N - a scroll of brand weapon {unknown}
Potions
 e - 2 potions of heal wounds
 k - 4 potions of flight
 l - a potion of agility
 m - 2 potions of haste
 o - 2 potions of cancellation
 t - 3 potions of curing
 z - a potion of lignification
 J - a potion of mutation {unknown}
 K - a potion of brilliance {unknown}
 R - a potion of ambrosia {unknown}
Comestibles
 c - 11 rations


   Skills:
 - Level 6.1 Fighting
 - Level 5.0 Dodging
 - Level 9.1 Unarmed Combat
 - Level 3.0 Spellcasting
 + Level 0.2 Conjurations
 - Level 8.6 Transmutations
 - Level 4.1 Ice Magic
 + Level 0.2 Air Magic
 + Level 4.0 Poison Magic


You had 2 spell levels left.
You knew the following spells:

 Your Spells              Type           Power        Failure   Level  Hunger
a - Beastly Appendage     Tmut           ####..       1%          1    #......
b - Sticks to Snakes      Tmut           ####....     1%          2    ##.....
c - Spider Form           Tmut/Pois      ###.......   4%          3    ###....
d - Ice Form              Ice/Tmut       ###.....     14%         4    #####..
e - Mephitic Cloud        Conj/Pois/Air  #.......     32%         3    ###....

Your spell library contained the following spells:

 Spells                   Type           Power        Failure   Level  Hunger
 Sting                    Tmut/Pois      ###.         1%          1    #......
 Poisonous Vapours        Pois/Air       #.....       13%         2    ##.....
 Animate Skeleton         Necr           N/A          21%         1    #......
 Apportation              Tloc           #.....       21%         1    #......
 Corona                   Hex            #......      21%         1    #......
 Summon Small Mammal      Summ           #...         21%         1    #......
 Ignite Poison            Fire/Tmut/Pois ##......     11%         3    ###....
 Blade Hands              Tmut           ####......   16%         5    ######.
 Olgreb's Toxic Radiance  Pois           ##......     36%         4    #####..


Dungeon Overview and Level Annotations

Branches:
Dungeon (9/15)             Temple (1/1) D:6            Lair (0/6) D:8
    Orc: D:9-12

Altars:
Ashenzari
Cheibriados
Dithmenos
Elyvilon
Fedhas
Gozag
Hepliaklqana
Kikubaaqudgha
Makhleb
Nemelex Xobeh
Okawaru
Qazlal
Ru
Sif Muna
Trog
Uskayaw
Vehumet
Wu Jian
Xom
Yredelemnul
Zin
The Shining One

Shops:
D:4 :   D:9 =

Annotations:
D:4 1 runed translucent door, Rosaphim's ghost, amateur OgMo


Innate Abilities, Weirdness & Mutations

You cannot wear most types of armour.
You are very stealthy in the water. (Stealth+)
You are amphibious.
You can wear up to eight rings at the same time.
You can use your tentacles to constrict eight enemies at once.
Your skin changes colour to match your surroundings (Stealth+).
Your rubbery body absorbs attacks. (AC +1, EV +1)


Message History

The two-headed ogre hits you with a +0 giant club!!
Press: ? - help, v - describe, . - travel
Here: a two-headed ogre, wielding a -2 giant club and a +0 giant club (moderately wounded, confused)
The floor, spattered with blood.
You punch the two-headed ogre! You freeze the two-headed ogre.
The two-headed ogre is severely wounded.
The two-headed ogre hits you with a cursed -2 giant club!
The two-headed ogre hits you with a +0 giant club!!
* * * LOW HITPOINT WARNING * * *
The two-headed ogre seems less confused.
Press: ? - help, v - describe, . - travel
Here: a two-headed ogre, wielding a -2 giant club and a +0 giant club (severely wounded)
The floor.
Unknown command.
Your transformation is almost over.
You warm up again.
You see here a +0 flail.
Okay, then.
The two-headed ogre hits you with a cursed -2 giant club!!
You die...

#.## #..###..# # #..## #.#####.#
## #...# ##.......#######
.######..####..#####.......##
....###....#..## #.#####..###
###..#.<.#...## ###.######...##
##.....###..####....<....##..♣#
##....##...).##...[.....###...
######.>.##.###O@).........###♣∩♣
...###...#..######.........#....#
##...........#####.........#...♣#
########..#...................#
#######.########.............#
#........# ############.....#
#........####............#...#
#.............############...#
#........###### #####


You could see a two-headed ogre.

Vanquished Creatures
  A two-headed ogre (D:9)
  Pikel (D:5)
  A troll (D:9)
  Grinder (D:5)
  A hippogriff (D:7)
  A spriggan (D:8)
  Duvessa (D:5)
  A black bear (D:7)
  3 ice beasts
  2 orc warriors
  3 sky beasts
  An eye of draining (D:8)
  3 ogres
  2 phantoms
  3 centaurs
  3 big kobolds
  2 gnoll sergeants (D:7)
  A wyvern skeleton (D:9)
  A scorpion (D:9)
  3 killer bees (D:9)
  3 crimson imps
  A quasit (D:8)
  2 jellies
  A gnoll shaman (D:7)
  8 hounds
  4 orc wizards
  2 bullfrog skeletons
  3 iguanas
  7 worker ants
  A hound zombie (D:6)
  A howler monkey zombie (D:5)
  11 gnolls (D:7)
  10 adders
  2 shadow imps
  An adder skeleton (D:7)
  6 worms
  2 dart slugs
  3 leopard geckos
  21 orcs
  12 bats
  4 giant cockroaches
  9 goblins
  8 hobgoblins
  7 jackals
  6 quokkas
  2 ball pythons
  5 frilled lizards
  17 kobolds
  A leopard gecko skeleton (D:5)
  5 rats
  2 butterflies (D:5)
202 creatures vanquished.

Vanquished Creatures (collateral kills)
  A scorpion (D:5)
1 creature vanquished.

Vanquished Creatures (others)
  A slave (D:5)
  Dowan (D:5)
  A frilled lizard (D:5)
3 creatures vanquished.

Grand Total: 206 creatures vanquished

Notes
Turn   | Place    | Note
-------+----------+-------------------------------------------
     0 | D:1      | LSt the Octopode Transmuter began the quest for the Orb.
     0 | D:1      | Reached XP level 1. HP: 13/13 MP: 3/3
   520 | D:1      | Reached XP level 2. HP: 18/18 MP: 5/5
   529 | D:1      | Learned a level 2 spell: Sticks to Snakes
  1041 | D:1      | Reached XP level 3. HP: 20/23 MP: 4/6
  1074 | D:1      | Learned a level 3 spell: Spider Form
  1417 | D:2      | Reached skill level 1 in Poison Magic
  1717 | D:2      | Found a glowing silver altar of Zin.
  1794 | D:2      | Reached XP level 4. HP: 22/28 MP: 5/7
  2817 | D:3      | Found a shadowy altar of Dithmenos.
  2997 | D:3      | Reached XP level 5. HP: 33/33 MP: 8/8
  3840 | D:4      | Found a runed translucent door.
  3840 | D:4      | Noticed Rosaphim's ghost (amateur OgMo)
  4018 | D:4      | Found Qygh's Book Boutique.
  4053 | D:4      | Found a hazy altar of Hepliaklqana.
  4551 | D:5      | Entered Level 5 of the Dungeon
  4558 | D:5      | Noticed Pikel
  4559 | D:5      | Noticed a slave
  4583 | D:5      | Noticed an ogre
  4633 | D:5      | Found a shimmering altar of Xom.
  4643 | D:5      | Reached skill level 4 in Unarmed Combat
  4795 | D:5      | Reached XP level 6. HP: 39/39 MP: 6/9
  4800 | D:5      | Noticed an ice beast
  4813 | D:5      | Killed an ice beast
  4902 | D:5      | Noticed Grinder
  5095 | D:5      | Noticed a sky beast
  5112 | D:5      | Killed a sky beast
  5112 | D:5      | Reached skill level 5 in Unarmed Combat
  5112 | D:5      | Reached XP level 7. HP: 36/46 MP: 6/10
  5232 | D:5      | Killed Pikel
  5232 | D:5      | Reached skill level 7 in Unarmed Combat
  5232 | D:5      | Reached XP level 8. HP: 33/52 MP: 8/11
  5443 | D:5      | Killed Dowan
  6022 | D:5      | Killed Grinder
  6022 | D:5      | Reached skill level 5 in Transmutations
  6047 | D:4      | Learned a level 4 spell: Ice Form
  6174 | D:5      | Noticed Duvessa
  6187 | D:5      | Killed Duvessa
  7050 | D:6      | Reached XP level 9. HP: 44/58 MP: 7/12
  7744 | D:6      | Found a snail-covered altar of Cheibriados.
  7887 | D:6      | Found a staircase to the Ecumenical Temple.
  7895 | Temple   | Entered the Ecumenical Temple
  8019 | Temple   | Became a worshipper of the Wu Jian Council
  8347 | D:7      | Found a white marble altar of Elyvilon.
  8355 | D:7      | Found an ancient bone altar of Kikubaaqudgha.
  8365 | D:7      | Found a glowing golden altar of the Shining One.
  8378 | D:7      | Found a shimmering blue altar of Sif Muna.
  8380 | D:7      | Found a sparkling altar of Nemelex Xobeh.
  8380 | D:7      | Found a stormy altar of Qazlal.
 10198 | D:7      | Reached * piety under Wu Jian
 10787 | D:7      | Reached XP level 10. HP: 63/63 MP: 9/14
 10942 | D:7      | Found a radiant altar of Vehumet.
 11079 | D:8      | Reached skill level 8 in Unarmed Combat
 11647 | D:8      | Found a staircase to the Lair.
 11990 | D:8      | Reached skill level 5 in Dodging
 12353 | D:8      | Reached skill level 5 in Fighting
 12715 | D:9      | Found Ylyodydu's Jewellery Emporium.
 12725 | D:9      | Noticed a two-headed ogre
 12880 | D:9      | Killed a two-headed ogre
 12880 | D:9      | Reached skill level 9 in Unarmed Combat
 12907 | D:9      | Bought an uncursed ring of protection from magic for 325
                  | gold pieces
 12907 | D:9      | Bought an uncursed ring of poison resistance for 260 gold
                  | pieces
 13415 | D:9      | Learned a level 3 spell: Mephitic Cloud
 13837 | D:9      | Noticed a two-headed ogre
 13897 | D:9      | Slain by a two-headed ogre

Levels and vault maps discovered:
D:1:      dpeg_arrival_leaves_temple_mockup, layout_rooms
D:2:      layout_loops_ring, lemuel_round_altar, first_ration
D:3:      layout_basic, nicolae_dithmenos_shadow_blocks, hangedman_decor_push
D:4:      layout_gridville, nicolae_overflow_crystal_walls,
          hellmonk_ghost_happy_afterlife, serial_shops, shop
D:5:      layout_loops_ring, xom_butterflies, uniq_duvessa, uniq_pikel,
          uniq_grinder
D:6:      layout_loops_corners, minmay_temple_entry_nine_rooms,
          cheibrodos_worm_habitat
D:7:      kennysheep_housing_project, layout_layer_cave,
          nicolae_overflow_hidden_temple, lemuel_doored_altar,
          grunt_temple_overflow_open
D:8:      layout_loops_corners, lair_entry_dummy, grunt_pizzeria, st_stairs_3,
          minmay_strange_pillars
D:9:      layout_rooms, serial_shops, nicolae_shop_trees
Temple:   jpeg_temple_clearing

Skill      XL: |  1  2  3  4  5  6  7  8  9 10 |
---------------+-------------------------------+-----
Transmutations | 3 4 6 8 |  8.6
Poison Magic   | 2 3 4 |  4.0
Unarmed Combat | 4 5 7 9 |  9.1
Fighting       | 3 4 6 |  6.1
Dodging        | 3 4 5 |  5.0
Ice Magic      | 3 4 |  4.1
Spellcasting   | 3 |  3.0
Conjurations   | |  0.2
Air Magic      | |  0.2

Action                   |  1- 3 |  4- 6 |  7- 9 | 10-12 || total
-------------------------+-------+-------+-------+-------++-------
Melee: Unarmed           |    83 |    96 |   265 |   114 ||   558
       Kick              |    19 |    25 |    30 |    17 ||    91
       Constrict         |    23 |    20 |    25 |     9 ||    77
       Tentacles         |     9 |    10 |    17 |     7 ||    43
       Punch             |     1 |     1 |     3 |     2 ||     7
 Fire: Hunting sling     |       |       |     2 |     6 ||     8
Throw: Stone             |    35 |    62 |    28 |       ||   125
       Dart              |       |     9 |    22 |     6 ||    37
       Boomerang         |       |     4 |    62 |    28 ||    94
 Cast: Beastly Appendage |    26 |    25 |    29 |     7 ||    87
       Spider Form       |       |     4 |    27 |     6 ||    37
       Sticks to Snakes  |       |     1 |       |       ||     1
       Ice Form          |       |       |     1 |     5 ||     6
       Mephitic Cloud    |       |       |       |     2 ||     2
Invok: Lunge             |       |       |    11 |     3 ||    14
       Whirlwind         |       |       |       |     2 ||     2
 Abil: End Transformatio |       |       |     3 |     5 ||     8
Evoke: Wand              |       |     1 |     3 |     6 ||    10
  Use: Scroll            |     3 |     1 |     6 |     5 ||    15
 Stab: Sleeping          |     1 |     1 |     2 |     1 ||     5
       Confused          |       |       |       |     2 ||     2
  Eat: Chunk             |     3 |    12 |    21 |     7 ||    43
       Ration            |       |       |       |     2 ||     2
Armor: Skin              |    15 |     5 |     8 |     6 ||    34
Dodge: Dodged            |    48 |    41 |   162 |    62 ||   313

Table legend:
 A = Non-vault XP
 B = Vault XP
 C = Vault XP percentage of total XP
 D = Non-vault monster count
 E = Vault monster count
 F = Vault count percentage of total count
                 A         B        C        D         E       F
            +---------+---------+-------+---------+---------+-------
      Total |    5369 |    2200 |  29.1 |     166 |      35 |  17.4
            +---------+---------+-------+---------+---------+-------
        D:1 |      39 |       0 |   0.0 |      23 |       0 |   0.0
        D:2 |     114 |       0 |   0.0 |      24 |       0 |   0.0
        D:3 |      44 |       0 |   0.0 |      16 |       0 |   0.0
        D:4 |      59 |       0 |   0.0 |       5 |       0 |   0.0
        D:5 |     800 |    1031 |  56.3 |      34 |       3 |   8.1
        D:6 |     598 |       5 |   0.8 |      21 |       1 |   4.5
        D:7 |    1098 |     944 |  46.2 |      15 |      30 |  66.7
        D:8 |     939 |     220 |  19.0 |      18 |       1 |   5.3
        D:9 |    1678 |       0 |   0.0 |      10 |       0 |   0.0
            +---------+---------+-------+---------+---------+-------
